 Dungeon Crawl Stone Soup version 0.21-a0-207-g4a9efaf (webtiles) character file.

51 Gorglomux the Conjurer (level 3, -1/33 HPs)
             Began as a Hill Orc Conjurer on Aug 20, 2017.
             Slain by Natasha (6 damage)
             ... on level 2 of the Dungeon.
             The game lasted 00:04:50 (1969 turns).

Gorglomux the Conjurer (Hill Orc Conjurer)          Turns: 1969, Time: 00:04:50

Health: -1/33      AC:  3    Str: 11    XL:     3   Next: 81%
Magic:  5/5        EV: 12    Int: 15    God:
Gold:   71         SH:  0    Dex: 13    Spells: 4/5 levels left

rFire    + . .     SeeInvis .   i - +0 short sword
rCold    . . .     Gourm    .   (no shield)
rNeg     . . .     Faith    .   a - +0 robe
rPois    .         Spirit   .   (no helmet)
rElec    .         Reflect  .   (no cloak)
rCorr    .         Harm     .   m - +0 pair of gloves
MR       .....                  (no boots)
Stlth    ++........             (no amulet)
HPRegen  0.11/turn              (no ring)
MPRegen  0.09/turn              (no ring)

@: slowed, very slow
A: agile 1, fire resistance 1, evolution 1
a: no special abilities


You were on level 2 of the Dungeon.
You were not hungry.

You visited 1 branch of the dungeon, and saw 2 of its levels.

You collected 71 gold pieces.

Inventory:

Hand Weapons
 i - a +0 short sword (weapon)
Armour
 a - a +0 robe (worn)
 m - a +0 pair of gloves (worn)
Scrolls
 e - a scroll of recharging {unknown}
 k - a scroll of remove curse {unknown}
Books
 b - a book of Conjurations

   Spells                             Type                      Level
   a - Magic Dart                     Conjuration                  1
   b - Searing Ray                    Conjuration                  2
   c - Dazzling Spray                 Conjuration/Hexes            3
   d - Fulminant Prism                Conjuration/Hexes            4
   e - Force Lance                    Conjuration/Translocation    4
   f - Iskenderun's Mystic Blast      Conjuration                  4
Comestibles
 c - 2 bread rations
 z - a meat ration


   Skills:
 + Level 4.0 Fighting
 - Level 1.5 Dodging
 - Level 1.5 Stealth
 - Level 1.5 Spellcasting
 - Level 4.0 Conjurations


You had 4 spell levels left.
You knew the following spells:

 Your Spells              Type           Power        Failure   Level  Hunger
a - Magic Dart            Conj           ##..         4%          1    ##.....


Dungeon Overview and Level Annotations

Branches:
Dungeon (2/15)

Altars:

Annotations:
D:2 Natasha


Innate Abilities, Weirdness & Mutations

You are agile. (Dex +2)
Your flesh is heat resistant. (rF+)
You evolve.


Message History

You perforate the shadow imp like a sieve!
The shadow imp is lightly wounded!
You feel less invigorated!
You feel less confused! Natasha claws you!!! The shadow imp hits you!
Natasha claws you!
You spit the shadow imp like a pig!
The shadow imp is heavily wounded!
The shadow imp hits you! Butt barely misses you!
The shadow imp hits butt!
Unknown command!
You spit the shadow imp like a pig!
The shadow imp is almost dead!
Natasha barely misses you! The butt imp closely misses you!
Natasha claws you!!! * * * don't die
* * * The shadow imp gestures at you!
Pain shoots through your body!!! * * * don't die
* * * You miss Natasha!
Natasha butts you but butts no damage! The shadow imp closely misses you!
Natasha claws you! rip

##.# .. #... .
# #..# .#.#
#..###.#.##.
#..#.......
#..#.#.#.##
###.........?
#5h5...#.#.##.
#@###......h..
#.# #....##.##
#>###...## .#
#.......# .#
######..###.##
#..##...#####
#............
#.##....#
#.#....######


You could see Natasha and 2 shadow imps.

Vanquished Creatures
  An ooze (D:1)
  2 dart slugs
  2 leopard geckos (D:1)
  2 ball pythons (D:1)
  6 bats
  A giant cockroach (D:1)
  2 goblins (D:1)
  3 hobgoblins
  7 jackals (D:1)
  2 frilled lizards
  4 kobolds (D:1)
  5 rats (D:1)
37 creatures vanquished.

Notes
Turn   | Place    | Note
-------+----------+-------------------------------------------
     0 | D:1      | Gorglomux the Hill Orc Conjurer began the quest for the Orb.
     0 | D:1      | Reached XP level 1. HP: 14/14 MP: 3/3
   164 | D:1      | Reached skill level 1 in Fighting
   266 | D:1      | Reached XP level 2. HP: 24/24 MP: 0/4
   789 | D:1      | Reached skill level 3 in Fighting
   818 | D:1      | Reached XP level 3. HP: 20/31 MP: 2/5
  1953 | D:2      | Noticed Natasha
  1962 | D:2      | Gained mutation: You evolve. [potion of mutation]
  1962 | D:2      | Gained mutation: Your flesh is heat resistant. (rF+) [potion of mutation]
  1962 | D:2      | Gained mutation: You are agile. (Dex +2) [potion of mutation]
  1969 | D:2      | Slain by Natasha

Vault maps used:
D:1:      dpeg_arrival_erosion
D:2:      lemuel_upstairs_altar, first_bread, uniq_natasha, uniq_robin

Skill      XL: |  1  2  3 |
---------------+----------+-----
Fighting       | 1 3 4 |  4.0
Dodging        | |  1.5
Stealth        | |  1.5
Spellcasting   | |  1.5
Conjurations   | |  4.0

Action                   || total
-------------------------++-------
Melee: Unarmed           ||    50
       Short sword       ||    26
 Cast: Magic Dart        ||    67
  Use: Potion            ||     4
 Stab: Sleeping          ||     1
  Eat: Royal jelly       ||     2
       Chunk             ||     1
Armor: Robe              ||    15
Dodge: Dodged            ||    64
